General information
			
			
        
        - name: Skycity2
 
        - type: Ladder 1vs1/FFA
 
        - host: piano
 
        - saver: TIMG4STRok
 
        
map: aps\Download\Doodads TS 1.06 
        - players: 7
 
        - length: 07:56
 
        - speed: Fast
 - version: 1.22 W3XP
 - replay type:  

 
» download(35 KB)
Players
        team 1 (loser) 
              
              
greedoFthenoob (
green | 82 APM | 653 actions | 07:55)
              
 2 Mountain King 
 1 Storm Bolt
 1 Bash
 
                » actions 
                
                | Assign group hotkey | 20 |  | 
| Basic commands | 28 |  | 
| Build / train | 41 |  | 
| Enter build submenu | 12 |  | 
| Enter hero's abilities submenu | 2 |  | 
| Right click | 321 |  | 
| Select / deselect | 166 |  | 
| Select group hotkey | 33 |  | 
| Use ability | 30 |  | 
                653 total
 » units 
                
                | Peasant | 18 |  | 
| Footman | 9 |  | 
| Goblin Shredder | 1 |  | 
                28 total
 » buildings
                
                | Altar of Kings | 1 |  | 
| Barracks | 1 |  | 
| Farm | 5 |  | 
| Arcane Vault | 1 |  | 
| Scout Tower | 1 |  | 
| Lumber Mill | 1 |  | 
| Arcane Tower | 1 |  | 
| Town Hall | 1 |  | 
                12 total
 » build order
                00:06 Altar of Kings
00:20 Barracks
00:35 Farm
00:50 Farm
02:03 Farm
03:16 Arcane Vault
03:20 Farm
04:35 Farm
06:35 Scout Tower
06:40 Lumber Mill
06:49 Arcane Tower
07:03 Town Hall
» items
                
                | Dust of Appearance | 1 |  | 
| Boots of Speed | 3 |  | 
| Scroll of Regeneration | 1 |  | 
| Lesser Clarity Potion | 1 |  | 
                6 total
  
               team 2 (winner) 
              
              
» 
TIMG4STRok (
gray | 145 APM | 1154 actions | 07:56)
              
 4 Warden 
 3 Shadow Strike
 1 Blink
 
                » actions 
                
                | Assign group hotkey | 10 |  | 
| Basic commands | 24 |  | 
| Build / train | 27 |  | 
| Enter build submenu | 11 |  | 
| Enter hero's abilities submenu | 4 |  | 
| Right click | 602 |  | 
| Select / deselect | 131 |  | 
| Select group hotkey | 314 |  | 
| Use ability | 31 |  | 
                1154 total
 » units 
                
                | Wisp | 11 |  | 
| Archer | 5 |  | 
| Huntress | 2 |  | 
| Dryad | 1 |  | 
                19 total
 » buildings
                
                | Altar of Elders | 2 |  | 
| Moon Well | 4 |  | 
| Ancient of War | 1 |  | 
| Tree of Ages | 1 |  | 
| Hunter's Hall | 1 |  | 
| Ancient of Lore | 2 |  | 
| Tree of Life | 1 |  | 
                12 total
 » build order
                00:11 Altar of Elders
00:13 Altar of Elders
00:20 Moon Well
00:42 Ancient of War
01:35 Moon Well
02:58 Moon Well
03:15 Tree of Ages
03:24 Hunter's Hall
05:03 Moon Well
06:24 Ancient of Lore
06:24 Ancient of Lore
07:27 Tree of Life
» items
                
                | Boots of Speed | 1 |  | 
| Staff of Teleportation | 1 |  | 
                2 total
  
               observerspiano, 
BEAR_AND, 
phasoms, 
evil_PENGOON, 
plampy Chat log
          (00:29 / All) TIMG4STRok: the irate "i only need 89 apm" turk
(00:30 / All) greedoFthenoob: gl hf
(00:44 / All) greedoFthenoob: i changed it so i dont use arrow keys to scroll
(00:47 / All) greedoFthenoob: that takes off like 100 apm
(00:52 / All) TIMG4STRok: did you really use arrow keys hgoly shit
(01:03 / All) TIMG4STRok: might explain why you're so bad
(01:21 / All) greedoFthenoob: arrow keys do
(01:30 / All) greedoFthenoob: talk to you about it later
(01:56 / All) TIMG4STRok: just on time
(01:59 / All) TIMG4STRok: pull the creeps please
(02:00 / All) TIMG4STRok: for me
(04:20 / All) TIMG4STRok: fuck you turk
(04:25 / All) TIMG4STRok: now you base die
(04:48 / All) TIMG4STRok: bow
(06:11 / All) TIMG4STRok: u
(06:11 / All) TIMG4STRok: srs
(06:42 / All) TIMG4STRok: forgotto level ss woosp
(07:54 / All) greedoFthenoob: gg